 Dungeon Crawl Stone Soup version 0.20-a0-540-ge6d1839 (webtiles) character file.

170 Klosterheim the Skirmisher (level 5, -1/57 HPs)
             Began as an Ogre Skald on Jan 29, 2017.
             Slain by a scorpion (6 damage)
             ... on level 4 of the Dungeon.
             The game lasted 00:06:12 (4121 turns).

Klosterheim the Skirmisher (Ogre Skald)             Turns: 4121, Time: 00:06:13

Health: -1/57      AC:  4    Str: 15    XL:     5   Next: 50%
Magic:  7/8        EV: 10    Int: 14    God:
Gold:   166        SH:  0    Dex:  9    Spells: 5/8 levels left

rFire    . . .     SeeInvis .   a - +0 mace
rCold    . . .     Gourm    .   b - +0 robe
rNeg     + . .     Faith    .   (no shield)
rPois    .         Spirit   .   (helmet restricted)
rElec    .         Reflect  .   k - +0 cloak
rCorr    .         Harm     .   (gloves unavailable)
MR       .....                  (boots unavailable)
Stlth    +.........             (no amulet)
Regen    0.2/turn               (no ring)
                                p - ring of positive energy

@: lethally poisoned (-1 -> -14), infused (expiring), drained
A: unfitting armour, tough skin 1
a: no special abilities


You were on level 4 of the Dungeon.
You were not hungry.

You visited 1 branch of the dungeon, and saw 4 of its levels.

You collected 166 gold pieces.

Inventory:

Hand Weapons
 a - a +0 mace (weapon)
Armour
 b - a +0 robe (worn)
 k - a +0 cloak (worn)
Jewellery
 p - a ring of positive energy (left hand)
Wands
 q - a wand of acid (6/15)
Scrolls
 e - a scroll of blinking {unknown}
 h - a scroll of fog
 r - a scroll of enchant weapon {unknown}
 u - a scroll of identify {unknown}
 v - a scroll of immolation {unknown}
Potions
 g - a potion of degeneration {unknown}
 j - a potion of haste {unknown}
 m - a potion of invisibility {unknown}
 n - a potion of agility {unknown}
 o - a potion of cure mutation {unknown}
 s - 2 potions of ambrosia {unknown}
Books
 c - a book of Battle

   Spells                             Type                      Level
   a - Infusion                       Charms                       1
   b - Shroud of Golubria             Charms/Translocation         2
   c - Song of Slaying                Charms                       2
   d - Spectral Weapon                Hexes/Charms                 3
   e - Regeneration                   Charms/Necromancy            3
Comestibles
 d - 4 bread rations
 f - 9 fruits
 i - 2 chunks of flesh
 l - a meat ration
 t - 2 royal jellies


   Skills:
 + Level 5.0(4.8) Fighting
 * Level 4.0(3.8) Maces & Flails
 - Level 2.1(1.9) Dodging
 - Level 2.4(2.2) Spellcasting
 - Level 2.6(2.4) Charms


You had 5 spell levels left.
You knew the following spells:

 Your Spells              Type           Power        Failure   Level  Hunger
a - Infusion              Chrm           #...         10%         1    #......
b - Shroud of Golubria    Chrm/Tloc      #.........   24%         2    ###....


Dungeon Overview and Level Annotations

Branches:
Dungeon (4/15)
 Temple: D:4-7

Altars:
Dithmenos
Fedhas
Xom
The Shining One

Annotations:
D:3 Klosterheim's ghost, amateur OgSk


Innate Abilities, Weirdness & Mutations

You are too large for most types of armour.
You have tough skin. (AC +1)


Message History

You hit the scorpion but do no damage.
The scorpion is heavily wounded.
You feel sick. The scorpion stings you!
You are more poisoned.
The scorpion poisons you!
You closely miss the scorpion.
The scorpion is heavily wounded.
Your magical infusion is running out.
You feel sick. The scorpion misses you.
You barely miss the scorpion.
The scorpion is heavily wounded.
You feel sick. The scorpion stings you!
* * * LOW HITPOINT WARNING * * *
You barely miss the scorpion.
The scorpion is heavily wounded.
* * * LOW HITPOINT WARNING * * *
You feel sick. The scorpion stings you.
* * * LOW HITPOINT WARNING * * *
The scorpion stings you.
You die...

#......#
#......#
#......#
#......#
#......#
#......#
########......#
#.....s@......+
#.######......#
#......#
####<### #.#
#.# #.# ..# ###


You could see a scorpion.

Vanquished Creatures
  7 adders
  An ooze (D:1)
  5 worms (D:2)
  3 dart slugs
  2 orcs (D:2)
  4 giant cockroaches
  13 goblins
  4 hobgoblins
  9 jackals
  4 kobolds
  2 quokkas
  17 bats
  A frilled lizard (D:1)
  5 rats
77 creatures vanquished.

Notes
Turn   | Place    | Note
-------+----------+-------------------------------------------
     0 | D:1      | Klosterheim the Ogre Skald began the quest for the Orb.
     0 | D:1      | Reached XP level 1. HP: 22/22 MP: 3/3
   176 | D:1      | Reached XP level 2. HP: 28/29 MP: 5/5
   423 | D:1      | Reached skill level 3 in Fighting
   868 | D:1      | Reached XP level 3. HP: 35/37 MP: 6/6
  1562 | D:2      | Reached XP level 4. HP: 39/48 MP: 2/7
  1874 | D:2      | Reached skill level 4 in Fighting
  2137 | D:2      | Found a glowing golden altar of the Shining One.
  2216 | D:2      | Found a shadowy altar of Dithmenos.
  2415 | D:2      | Found a blossoming altar of Fedhas.
  2520 | D:2      | Found a shimmering altar of Xom.
  2566 | D:3      | Noticed Klosterheim's ghost (amateur OgSk)
  2847 | D:2      | Reached XP level 5. HP: 29/55 MP: 5/8
  3825 | D:3      | Learned a level 2 spell: Shroud of Golubria
  4094 | D:4      | Reached skill level 5 in Fighting
  4121 | D:4      | Slain by a scorpion

Vault maps used:
D:1:      elethiomel_arrival_quiet, st_stairs_8
D:2:      nicolae_dithmenos_shadow_blocks, overflow_temple_1_default, tgw_xom,
          first_bread, st_stairs_8, fedhas_altar_fruit_tree
D:4:      hangedman_glass_teeth

Skill      XL: |  1  2  3  4  5 |
---------------+----------------+-----
Maces & Flails | 2 3 4 |  4.0
Fighting       | 3 4 5 |  5.0
Dodging        | |  2.1
Spellcasting   | |  2.4
Charms         | |  2.6

Action                   |  1- 3 |  4- 6 || total
-------------------------+-------+-------++-------
Melee: Mace              |   128 |   175 ||   303
 Cast: Infusion          |     4 |    12 ||    16
  Use: Scroll            |       |     5 ||     5
  Eat: Chunk             |     2 |     9 ||    11
Armor: Robe              |    79 |    75 ||   154
Dodge: Dodged            |    98 |   109 ||   207
